 Dungeon Crawl Stone Soup version 0.19.4-12-gccf7e64 (webtiles) character file.

109 Sharradak the Ruffian (level 4, -1/45 HPs)
             Began as a Troll Berserker on Feb 26, 2017.
             Was a Believer of Trog.
             Slain by a worm (5 damage)
             ... on level 3 of the Dungeon.
             The game lasted 00:22:38 (3039 turns).

Sharradak the Ruffian (Troll Berserker)             Turns: 3039, Time: 00:22:40

Health: -1/45      AC:  5    Str: 26    XL:     4   Next: 60%
Magic:  3/3        EV: 10    Int:  3    God:    Trog [**....]
Gold:   108        SH:  0    Dex:  9    Spells: 0 memorised, 3 levels left

rFire  . . .     SeeInvis .     x - +0 club
rCold  . . .     Gourm    +     E - +0 robe
rNeg   . . .     Faith    .     (no shield)
rPois  .         Spirit   .     (helmet restricted)
rElec  .         Reflect  .     (no cloak)
rCorr  .         Harm     .     (gloves unavailable)
MR     ++...                    (boots unavailable)
Stlth  ++........               (no amulet)
                                K - ring of wizardry
                                w - ring of stealth (curse)

@: exhausted, regenerating, slowed, heavily drained, very slow
A: unfitting armour, claws 3, fast metabolism 3, gourmand, regeneration 1,
shaggy fur 1, tough skin 2
a: Berserk, Trog's Hand, Burn Spellbooks, Renounce Religion


You were on level 3 of the Dungeon.
You worshipped Trog.
Trog was pleased with you.
You were near starving.

You visited 1 branch of the dungeon, and saw 3 of its levels.

You collected 108 gold pieces.

Inventory:

Hand Weapons
 e - a +0 short sword
 f - a +0 hunting sling
 j - a +0 club
 x - a +0 club (weapon)
 H - a +0 dagger
 I - a +0 dagger
Missiles
 c - 29 arrows
 k - 65 stones (quivered)
 u - 18 bolts
Armour
 a - a +0 animal skin
 i - a +0 robe
 l - a +0 robe
 m - a +2 pair of boots
 o - a +0 ring mail
 s - a +0 ring mail
 E - a +0 robe (worn)
 G - a +0 scale mail
Jewellery
 w - a cursed ring of stealth (left claw)
 K - a ring of wizardry (right claw)
Wands
 z - a wand of polymorph (5/24)
Scrolls
 h - a scroll of fog {unknown}
 n - a scroll of remove curse {unknown}
 q - 2 scrolls of identify {unknown}
 t - a scroll of amnesia {unknown}
 v - 2 scrolls of noise {unknown}
 y - a scroll of enchant weapon {unknown}
 A - a scroll of random uselessness {unknown}
Potions
 B - a potion of brilliance {unknown}
 C - 2 potions of cancellation {unknown}
 F - a potion of lignification {unknown}
 L - a potion of agility {unknown}
Comestibles
 b - 4 bread rations
 d - a beef jerky
 g - 2 slices of pizza
 p - 3 fruits
 r - a meat ration


   Skills:
 + Level 3.0(1.7) Fighting
 + Level 0.1(0.0) Short Blades
 + Level 1.0(0.0) Maces & Flails
 + Level 3.4(2.0) Dodging
 + Level 0.2(0.0) Stealth
 + Level 3.5(2.1) Unarmed Combat


You had 3 spell levels left.
You didn't know any spells.

Dungeon Overview and Level Annotations

Branches:
Dungeon (3/15)

Altars:
Nemelex Xobeh
Okawaru
Qazlal
Uskayaw
Vehumet
The Shining One


Innate Abilities, Weirdness & Mutations

You are too large for most types of armour.
You have claws for hands.
Your metabolism is lightning-fast.
You like to eat raw meat.
Your natural rate of healing is unusually fast.
You are covered in fur. (AC +1)
You have very tough skin. (AC +2)


Message History

[Y]es or [N]o only, please.
Keep eating? [Y]es or [N]o only, please.
Keep eating? [Y]es or [N]o only, please.
Keep eating? [Y]es or [N]o only, please.
Keep eating?
* * * LOW HITPOINT WARNING * * *
The hobgoblin hits you but does no damage.
The quokka bites you.
* * * LOW HITPOINT WARNING * * *
The goblin hits you with a dagger.
* * * LOW HITPOINT WARNING * * *
You continue eating.
You feel the effects of Trog's Hand fading.
The hobgoblin closely misses you. The quokka bites you.
* * * LOW HITPOINT WARNING * * *
The worm bites you.
You die...

##.....## #...(..)#
#.......#
#######.......#
#.....##.....#
#.###..##...# #.#
##..##'####### #.#
##..r@g...... #.#
#...wg...... # #.#
#........... # #.#
####'#######
#######.##### ...#
............# .....#
###.#########.......#
##....# #.......#
....#.# #.......#


You could see a worm, a quokka, a hobgoblin and a goblin.

Vanquished Creatures
  4 adders
  An ooze (D:1)
  3 worms
  A dart slug (D:2)
  4 giant cockroaches
  5 hobgoblins
  6 jackals (D:1)
  8 kobolds
  A quokka (D:2)
  4 bats
  4 frilled lizards
  9 goblins
  8 rats
58 creatures vanquished.

Notes
Turn   | Place    | Note
-------+----------+-------------------------------------------
     0 | D:1      | Sharradak the Troll Berserker began the quest for the Orb.
     0 | D:1      | Reached XP level 1. HP: 22/22 MP: 0/0
   174 | D:1      | Reached XP level 2. HP: 29/29 MP: 1/1
   889 | D:1      | Reached XP level 3. HP: 36/36 MP: 2/2
  1133 | D:1      | Reached ** piety under Trog
  1961 | D:2      | Found a glowing golden altar of the Shining One.
  1994 | D:2      | Found a stormy altar of Qazlal.
  1997 | D:2      | Found an iron altar of Okawaru.
  2025 | D:2      | Found a radiant altar of Vehumet.
  2077 | D:2      | Reached skill level 1 in Maces & Flails
  2081 | D:2      | Reached XP level 4. HP: 44/44 MP: 3/3
  2721 | D:3      | Found a faded altar of an unknown god.
  2721 | D:3      | Found a sparkling altar of Nemelex Xobeh.
  2731 | D:3      | Found a faded altar of an unknown god.
  2754 | D:3      | Found a faded altar of an unknown god.
  2756 | D:3      | Found a faded altar of an unknown god.
  2882 | D:3      | Found a hide-covered altar of Uskayaw.
  3039 | D:3      | Slain by a worm

Skill      XL: |  1  2  3  4 |
---------------+-------------+-----
Dodging        | 3 |  3.4
Maces & Flails | 1 |  1.0
Fighting       | 3 |  3.0
Short Blades   | |  0.1
Stealth        | |  0.2
Unarmed Combat | |  3.5

Action                   |  1- 3 |  4- 6 || total
-------------------------+-------+-------++-------
Melee: Unarmed           |    18 |       ||    18
       Short sword       |    32 |       ||    32
       Punch             |     2 |       ||     2
       Club              |   181 |    94 ||   275
Invok: Berserk           |     1 |     4 ||     5
       Trog's Hand       |       |     1 ||     1
  Use: Scroll            |     2 |       ||     2
       Potion            |       |     1 ||     1
 Stab: Sleeping          |       |     1 ||     1
  Eat: Chunk             |    15 |     9 ||    24
       Bread ration      |     1 |       ||     1
       Beef jerky        |     1 |       ||     1
Armor: Animal skin       |    36 |       ||    36
       Robe              |   206 |    56 ||   262
Dodge: Dodged            |   288 |    82 ||   370
